 Dungeon Sprint DCSS version 0.22-a0-40-g3d2f077 (webtiles) character file.

60841 Faca the Slayer (level 14, -45/247 HPs)
             Began as a Minotaur Berserker on Jan 5, 2018.
             Was the Champion of Trog.
             Annihilated by Antaeus (86 damage)
             ... in the Dungeon (Sprint IX: "|||||||||||||||||||||||||||||").
             The game lasted 00:21:10 (5384 turns).

Faca the Slayer (Minotaur Berserker)                Turns: 5384, Time: 00:21:11

Health: -45/247    AC: 25    Str: 39    XL:     14   Next: 58%
Magic:  13/13      EV: 15    Int:  4    God:    Trog [******]
Gold:   1442       SH:  0    Dex: 13    Spells: 13/13 levels left

rFire    . . .     SeeInvis .   u - +5 demon blade of Flawed Execution {elec, MR- Str+5}
rCold    . . .     Gourm    .   (no shield)
rNeg     . . .     Faith    .   n - +0 plate armour
rPois    +         Spirit   .   z - +1 hat
rElec    .         Reflect  .   r - +0 cloak
rCorr    .         Harm     .   (no gloves)
MR       .....     NoTele   +   a - +0 pair of boots
Stlth    ..........             (no amulet)
HPRegen  0.51/turn              t - ring of poison resistance
MPRegen  0.13/turn              A - +5 ring of strength

@: berserking, slowed
A: retaliatory headbutt, horns 2
a: Berserk, Trog's Hand, Brothers in Arms, Burn Spellbooks, Renounce Religion


You were in the Dungeon.
You worshipped Trog.
Trog was exalted by your worship.
You were not hungry.

You visited 1 branch You collected 1936 gold pieces.
You spent 494 gold pieces at shops.

Inventory:

Hand Weapons
 b - a +4 great sword of holy wrath
 m - a +2 rapier of protection
 o - the +6 scimitar of Armageddon {freeze, +Rage rC+ MR+ Str-5}
   (Trog gifted it to you in the Dungeon)

   It has been specially enchanted to freeze those struck by it, causing extra
   injury to most foes and up to half again as much damage against particularly
   susceptible opponents.
   It can also slow down cold-blooded creatures.
   It affects your strength (-5).
   It protects you from cold.
   It affects your resistance to hostile enchantments.
   It lets you go berserk.
 q - a +2 dagger of protection
 u - the +5 demon blade of Flawed Execution (weapon) {elec, MR- Str+5}
   (Trog gifted it to you in the Dungeon)

   Occasionally, upon striking a foe, it will discharge some electrical energy
   and cause terrible harm.
   It affects your strength (+5).
   It affects your resistance to hostile enchantments.
 y - a +5 antimagic triple sword
Armour
 a - a +0 pair of boots (worn)
 n - a +0 plate armour (worn)
 r - a +0 cloak (worn)
 z - a +1 hat (worn)
Jewellery
 p - a +3 ring of intelligence
 t - a ring of poison resistance (left hand)
 A - a +5 ring of strength (right hand)
 B - an uncursed ring of see invisible
 C - an uncursed ring of protection from magic
Wands
 l - a wand of iceblast (10)
Scrolls
 i - 4 scrolls of blinking
 k - 5 scrolls of remove curse
 v - 2 scrolls of enchant armour
 x - 2 scrolls of fog
 F - 3 scrolls of fear
Potions
 d - 7 potions of curing
 e - a potion of heal wounds
 f - a potion of haste
 g - 4 potions of magic
 h - 3 potions of berserk rage
 j - a potion of invisibility
 s - a potion of brilliance
 D - a potion of mutation
 E - 2 potions of might
Comestibles
 c - 7 rations


   Skills:
 + Level 26.2 Fighting
 - Level 3.2(16.8) Short Blades
 + Level 25.7(25.8) Long Blades
 + Level 23.4 Armour
 + Level 10.4 Dodging
 - Level 1.1 Stealth


You had 13 spell levels left.
You didn't know any spells.

Dungeon Overview and Level Annotations

Branches:
Dungeon (1/1)

Altars:
Cheibriados
Dithmenos
Elyvilon
Fedhas
Gozag
Hepliaklqana
Kikubaaqudgha
Makhleb
Nemelex Xobeh
Okawaru
Qazlal
Ru
Sif Muna
Trog
Uskayaw
Vehumet
Wu Jian
Xom
Yredelemnul
Zin
The Shining One
Beogh
Jiyva
Lugonu

Shops:
D =:*=

Annotations:
D Antaeus


Innate Abilities, Weirdness & Mutations

You reflexively headbutt those who attack you in melee.
You have a pair of horns on your head.


Message History

Antaeus freezes you!!
* * * LOW HITPOINT WARNING * * *
Antaeus hits you but does no damage.
You are too berserk!
There isn't anything here!
You slice Antaeus!! You headbutt Antaeus, but do no damage.
Antaeus is lightly wounded.
The ironbrand convoker casts a spell at Antaeus.
Antaeus seems to grow stronger.
The vault sentinel blows a loud note on a signal horn!
You hit Antaeus. Your headbutt misses Antaeus.
Antaeus is lightly wounded.
Antaeus barely misses you. Antaeus misses you.
You slash Antaeus! You headbutt Antaeus.
Antaeus is lightly wounded.
The ironbrand convoker begins to recite a word of recall!
You slice Antaeus!!
Antaeus is lightly wounded.
Antaeus hits you!!!!
You die...

▓.........'..=..)))))))).[
▓▓▓▓▓▓▓▓▓▓▓▓▓▓▓▓▓▓▓▓▓▓▓▓▓▓
▓.........................
▓.▓▓▓▓▓▓▓▓▓▓▓▓▓▓♣♣♣♣♣♣♣♣♣♣
▓.............†)†)........
▓▓▓▓▓▓▓▓▓▓▓▓▓▓▓▓♣♣♣♣♣♣♣♣♣♣
▓.........)....)..........
▓.▓▓▓▓▓▓▓▓▓▓▓▓▓▓▓▓▓▓▓▓▓▓▓▓
▓........@C.p.pZ..')p(p...
▓▓▓▓▓▓▓▓▓▓▓▓▓▓▓▓▓▓▓▓▓▓▓▓▓▓


You could see Antaeus, a vault sentinel, an ironbrand convoker and an adder
simulacrum.

Vanquished Creatures
  Gastronok (D)
  A sphinx (D)
  Agnes (D)
  A thorn hunter (D)
  A nagaraja (D)
  A tengu reaver (D)
  2 fire giants (D)
  A fire giant (shapeshifter) (D)
  A frost giant (D)
  A very ugly thing (D)
  An ironheart preserver (D)
  A stone giant (D)
  An ettin (D)
  Azrael (D)
  A merfolk impaler (D)
  A yaktaur captain (D)
  2 fire dragons (D)
  Erolcha (D)
  An ice dragon (D)
  A great orb of eyes (D)
  A hydra (D)
  5 ogre magi (D)
  A centaur warrior (D)
  A deep troll shaman (D)
  9 two-headed ogres (D)
  An alligator (D)
  2 tengu warriors (D)
  A shock serpent (D)
  A spriggan berserker (D)
  2 glowing orange brains (D)
  An unseen horror (D)
  3 orc knights (D)
  An ironbrand convoker (D)
  A shambling mangrove (D)
  A mana viper (D)
  A wolf spider (D)
  A manticore (D)
  8 elephants (D)
  3 merfolk sirens (D)
  2 water nymphs (D)
  A vault sentinel (D)
  A guardian serpent (D)
  A naga mage (D)
  4 black mambas (D)
  4 spiny frogs (D)
  4 yaktaurs (D)
  2 freezing wraiths (D)
  A demonic crawler (D)
  A komodo dragon (D)
  A troll (D)
  A meliai (shapeshifter) (D)
  3 jumping spiders (D)
  A tyrant leech (D)
  3 hornets (D)
  A blink frog (D)
  A slime creature (D)
  A merfolk (D)
  2 hippogriffs (D)
  2 tarantellas (D)
  A shadow (D)
  A redback (D)
  A water elemental (D)
  4 yaks (D)
  4 fire elementals (D)
  2 hogs (D)
  A hungry ghost (D)
  2 nagas (D)
  An acid dragon (shapeshifter) (D)
  A hell hound (D)
  2 water moccasins (D)
  A porcupine (D)
  A swamp drake (D)
  A sky beast (D)
  An ice beast (D)
  2 ogres (D)
  16 orc warriors (D)
  A boggart (D)
  2 crocodiles (D)
  3 bullfrogs (D)
  An orc priest (D)
  A jelly (D)
  3 orc wizards (D)
  2 adders (D)
  A shadow imp (D)
  An ooze (D)
  An adder skeleton (D)
  3 leopard geckos (D)
  4 orcs (D)
  A bat (D)
  A bat zombie (D)
  A goblin (D)
  2 jackals (D)
  A ball python skeleton (D)
  A giant cockroach zombie (D)
  A rat (D)
176 creatures vanquished.

Vanquished Creatures (collateral kills)
  Kirke (D)
  A centaur warrior (D)
  A black mamba (shapeshifter) (D)
  A centaur (shapeshifter) (D)
4 creatures vanquished.

Vanquished Creatures (others)
  An unseen horror (D)
1 creature vanquished.

Grand Total: 181 creatures vanquished

Notes
Turn   | Place    | Note
-------+----------+-------------------------------------------
     0 | D        | Faca the Minotaur Berserker began the quest for the Orb.
     0 | D        | Reached XP level 1. HP: 19/19 MP: 0/0
     9 | D        | Reached skill level 4 in Fighting
    12 | D        | Reached ** piety under Trog
   193 | D        | Noticed a jelly
   194 | D        | Reached skill level 5 in Long Blades
   194 | D        | Reached XP level 2. HP: 28/28 MP: 1/1
   196 | D        | Reached *** piety under Trog
   199 | D        | Reached skill level 5 in Fighting
   200 | D        | Reached skill level 6 in Fighting
   200 | D        | Reached XP level 3. HP: 37/37 MP: 2/2
   209 | D        | Found a roughly hewn altar of Beogh.
   209 | D        | Found a snail-covered altar of Cheibriados.
   209 | D        | Found a shadowy altar of Dithmenos.
   209 | D        | Found a white marble altar of Elyvilon.
   209 | D        | Found a blossoming altar of Fedhas.
   209 | D        | Found an opulent altar of Gozag.
   210 | D        | Found a hazy altar of Hepliaklqana.
   211 | D        | Found a viscous altar of Jiyva.
   212 | D        | Found an ancient bone altar of Kikubaaqudgha.
   213 | D        | Found a corrupted altar of Lugonu.
   214 | D        | Found a burning altar of Makhleb.
   215 | D        | Found a sparkling altar of Nemelex Xobeh.
   216 | D        | Found an iron altar of Okawaru.
   217 | D        | Found a stormy altar of Qazlal.
   218 | D        | Found a sacrificial altar of Ru.
   219 | D        | Found a deep blue altar of Sif Muna.
   235 | D        | Found a bloodstained altar of Trog.
   236 | D        | Found a hide-covered altar of Uskayaw.
   237 | D        | Found a radiant altar of Vehumet.
   238 | D        | Found an ornate altar of the Wu Jian Council.
   239 | D        | Found a shimmering altar of Xom.
   240 | D        | Found a basalt altar of Yredelemnul.
   241 | D        | Found a glowing silver altar of Zin.
   242 | D        | Found a glowing golden altar of the Shining One.
   289 | D        | Noticed a bullfrog
   289 | D        | Noticed a two-headed ogre
   289 | D        | Noticed an ice beast
   290 | D        | Reached **** piety under Trog
   298 | D        | Killed a two-headed ogre
   298 | D        | Reached skill level 11 in Fighting
   298 | D        | Reached skill level 1 in Stealth
   298 | D        | Reached XP level 4. HP: 49/56 MP: 3/3
   298 | D        | Reached XP level 5. HP: 54/62 MP: 4/4
   298 | D        | Reached XP level 6. HP: 61/69 MP: 5/5
   298 | D        | Reached XP level 7. HP: 66/75 MP: 6/6
   303 | D        | Reached ***** piety under Trog
   309 | D        | Received a gift from Trog
   309 | D        | Reached skill level 12 in Fighting
   361 | D        | Noticed a hippogriff
   361 | D        | Noticed a hungry ghost
   361 | D        | Noticed a troll
   366 | D        | Killed a hippogriff
   366 | D        | Reached XP level 8. HP: 85/85 MP: 7/7
   379 | D        | Killed a troll
   379 | D        | Received a gift from Trog
   379 | D        | Reached skill level 13 in Fighting
   525 | D        | Noticed a blink frog
   525 | D        | Noticed a spiny frog
   528 | D        | Noticed a komodo dragon
   530 | D        | Killed a blink frog
   530 | D        | Reached skill level 15 in Long Blades
   543 | D        | Reached XP level 9. HP: 70/94 MP: 8/8
   546 | D        | Killed a spiny frog
   546 | D        | Received a gift from Trog
   546 | D        | Reached skill level 14 in Fighting
   554 | D        | Killed a komodo dragon
   556 | D        | Reached ****** piety under Trog
   556 | D        | Reached skill level 10 in Armour
   723 | D        | Noticed a black mamba
   723 | D        | Noticed a six-headed hydra
   727 | D        | Noticed a black mamba
   728 | D        | Killed a black mamba
   734 | D        | Reached skill level 15 in Fighting
   742 | D        | Killed a six-headed hydra
   742 | D        | Received a gift from Trog
   742 | D        | Reached skill level 1 in Short Blades
   742 | D        | Reached XP level 10. HP: 64/105 MP: 9/9
   751 | D        | Killed a black mamba
   754 | D        | Got a crystal demon blade {god gift}
   759 | D        | Identified the +5 demon blade of Flawed Execution {elec, MR- Str+5} (Trog gifted it to you in the Dungeon)
   935 | D        | Noticed an elephant
   935 | D        | Noticed an elephant
   935 | D        | Noticed an elephant
   935 | D        | Noticed an elephant
   935 | D        | Noticed an elephant
   935 | D        | Noticed an elephant
   938 | D        | Killed an elephant
   943 | D        | Killed an elephant
   943 | D        | Reached skill level 16 in Fighting
   947 | D        | Killed an elephant
   947 | D        | Received a gift from Trog
   952 | D        | Killed an elephant
   957 | D        | Killed an elephant
   960 | D        | Killed an elephant
   970 | D        | Noticed an elephant
   971 | D        | Noticed an elephant
   977 | D        | Killed an elephant
   977 | D        | Reached skill level 17 in Fighting
   984 | D        | Killed an elephant
  1129 | D        | Noticed Gastronok
  1144 | D        | Killed Gastronok
  1144 | D        | Received a gift from Trog
  1144 | D        | Reached XP level 11. HP: 68/118 MP: 10/10
  1398 | D        | Reached skill level 18 in Fighting
  1401 | D        | Received a gift from Trog
  1485 | D        | Received a gift from Trog
  1538 | D        | Noticed an orc knight
  1550 | D        | Killed an orc knight
  1577 | D        | Received a gift from Trog
  1578 | D        | Got an ancient scimitar {god gift}
  1593 | D        | Identified the +6 scimitar of Armageddon {freeze, +Rage rC+ MR+ Str-5} (Trog gifted it to you in the Dungeon)
  1823 | D        | Found Bacruobb's Jewellery Emporium.
  1823 | D        | Noticed a two-headed ogre
  1823 | D        | Noticed a two-headed ogre
  1823 | D        | Noticed an ogre mage
  1823 | D        | Noticed a two-headed ogre
  1823 | D        | Noticed a two-headed ogre
  1827 | D        | Killed a two-headed ogre
  1831 | D        | Killed an ogre mage
  1831 | D        | Received a gift from Trog
  1831 | D        | Reached skill level 19 in Fighting
  1834 | D        | Killed a two-headed ogre
  1834 | D        | Reached skill level 15 in Armour
  1840 | D        | Killed a two-headed ogre
  1844 | D        | Killed a two-headed ogre
  1848 | D        | Noticed a two-headed ogre
  1854 | D        | Killed a two-headed ogre
  2054 | D        | Found Utijut's Book Shoppe.
  2058 | D        | Found Kur Caty's General Store.
  2060 | D        | Noticed a two-headed ogre
  2061 | D        | Found Lenirewn's Jewellery Shoppe.
  2067 | D        | Killed a two-headed ogre
  2067 | D        | Reached XP level 12. HP: 132/132 MP: 11/11
  2069 | D        | Noticed an ogre mage
  2070 | D        | Noticed an ogre mage
  2072 | D        | Noticed an ogre mage
  2073 | D        | Noticed a two-headed ogre
  2077 | D        | Killed an ogre mage
  2077 | D        | Reached skill level 20 in Fighting
  2077 | D        | Reached skill level 10 in Dodging
  2081 | D        | Killed an ogre mage
  2081 | D        | Received a gift from Trog
  2084 | D        | Killed an ogre mage
  2089 | D        | Killed a two-headed ogre
  2091 | D        | Received a gift from Trog
  2254 | D        | Bought a +5 ring of strength for 494 gold pieces
  2402 | D        | Noticed a two-headed ogre
  2403 | D        | Noticed a centaur warrior
  2426 | D        | Killed a two-headed ogre
  2431 | D        | Killed a centaur warrior
  2433 | D        | Noticed a stone giant
  2440 | D        | Received a gift from Trog
  2448 | D        | Killed a stone giant
  2448 | D        | Reached skill level 21 in Fighting
  2759 | D        | Noticed an ogre mage
  2760 | D        | Noticed a tengu warrior
  2761 | D        | Noticed an ettin
  2762 | D        | Noticed a great orb of eyes
  2763 | D        | Noticed a deep troll shaman
  2763 | D        | Killed an ogre mage
  2777 | D        | Killed a tengu warrior
  2782 | D        | Killed an ettin
  2786 | D        | Paralysed by a great orb of eyes for 2 turns
  2788 | D        | Killed a great orb of eyes
  2793 | D        | Killed a deep troll shaman
  2793 | D        | Received a gift from Trog
  3174 | D        | Noticed Kirke
  3243 | D        | Killed Kirke
  3243 | D        | Reached XP level 13. HP: 145/145 MP: 12/12
  3355 | D        | Noticed a thorn hunter
  3360 | D        | Received a gift from Trog
  3362 | D        | Reached skill level 22 in Fighting
  3367 | D        | Killed a thorn hunter
  3387 | D        | Received a gift from Trog
  3577 | D        | Received a gift from Trog
  3680 | D        | Noticed a merfolk impaler
  3688 | D        | Received a gift from Trog
  3696 | D        | Reached skill level 23 in Fighting
  3704 | D        | Killed a merfolk impaler
  4053 | D        | Noticed a nagaraja
  4055 | D        | Received a gift from Trog
  4068 | D        | Killed a nagaraja
  4068 | D        | Received a gift from Trog
  4226 | D        | Noticed Agnes
  4230 | D        | Killed Agnes
  4339 | D        | Noticed Erolcha
  4346 | D        | Killed Erolcha
  4346 | D        | Reached skill level 24 in Fighting
  4373 | D        | Received a gift from Trog
  4385 | D        | Noticed Azrael
  4392 | D        | Killed Azrael
  4573 | D        | Noticed a fire giant
  4579 | D        | Killed a fire giant
  4579 | D        | Received a gift from Trog
  4581 | D        | Noticed a white very ugly thing
  4582 | D        | Reached XP level 14. HP: 136/160 MP: 13/13
  4597 | D        | Killed a white very ugly thing
  4602 | D        | Noticed an entropy weaver
  4611 | D        | an entropy weaver changed into a minotaur
  4613 | D        | Noticed an entropy weaver
  4613 | D        | a satyr changed into an entropy weaver
  4614 | D        | an entropy weaver changed into a satyr
  4615 | D        | Noticed an azure jelly
  4615 | D        | a satyr changed into an azure jelly
  4618 | D        | Noticed a storm dragon
  4618 | D        | an azure jelly changed into a storm dragon
  4624 | D        | Noticed an entropy weaver
  4627 | D        | Noticed a fire giant
  4628 | D        | Noticed a storm dragon
  4628 | D        | an entropy weaver changed into a storm dragon
  4631 | D        | a storm dragon changed into a dire elephant
  4639 | D        | Noticed a stone giant
  4639 | D        | an iron troll changed into a stone giant
  4641 | D        | Noticed a fire giant
  4641 | D        | a stone giant changed into a fire giant
  4654 | D        | Killed a fire giant
  4656 | D        | Reached skill level 25 in Fighting
  4661 | D        | Received a gift from Trog
  4665 | D        | Killed a fire giant
  4947 | D        | Noticed a frost giant
  4961 | D        | Killed a frost giant
  5156 | D        | Noticed an ironheart preserver
  5170 | D        | Killed an ironheart preserver
  5170 | D        | Received a gift from Trog
  5179 | D        | Received a gift from Trog
  5184 | D        | Noticed a tengu reaver
  5187 | D        | Noticed a frost giant
  5362 | D        | Noticed a sphinx
  5362 | D        | Noticed Antaeus
  5367 | D        | Killed a sphinx
  5367 | D        | Reached skill level 26 in Fighting
  5379 | D        | Killed a tengu reaver
  5384 | D        | Annihilated by Antaeus

Vault maps used:
D:        linesprint

Skill      XL: |  1  2  3  4  5  6  7  8  9 10 11 12 13 14 |
---------------+-------------------------------------------+-----
Fighting       | 4 6 11 12 13 15 17 19 21 24 26 | 26.2
Long Blades    | 5 6 12 13 15 17 19 20 22 24 25 | 25.7
Armour         | 3 6 7 9 11 13 16 18 21 23 | 23.4
Dodging        | 3 6 7 8 9 10 | 10.4
Stealth        | 1 |  1.1
Short Blades   | 1 3 |  3.2

Action                   |  1- 3 |  4- 6 |  7- 9 | 10-12 | 13-15 || total
-------------------------+-------+-------+-------+-------+-------++-------
Melee: Falchion          |    22 |       |       |       |       ||    22
       Headbutt          |     4 |       |    20 |    76 |    86 ||   186
       Scimitar          |     9 |       |    64 |    26 |     7 ||   106
       Rapier            |       |       |     7 |       |       ||     7
       Demon blade       |       |       |       |   190 |   198 ||   388
Invok: Berserk           |     1 |       |     1 |       |     2 ||     4
       Brothers in Arms  |       |       |       |     1 |     2 ||     3
  Use: Scroll            |       |       |       |     1 |     1 ||     2
       Potion            |       |       |       |       |     4 ||     4
  Eat: Chunk             |       |       |     3 |     1 |       ||     4
       Ration            |       |       |       |     2 |     3 ||     5
Armor: Animal skin       |     3 |       |       |       |       ||     3
       Chain mail        |     2 |       |    26 |    14 |       ||    42
       Plate armour      |       |       |       |    45 |    76 ||   121
Dodge: Dodged            |    18 |       |    38 |    80 |    89 ||   225
       Rpst.: Falchion   |     2 |       |       |       |       ||     2
       Scimitar          |     3 |       |    10 |     4 |       ||    17
       Demon blade       |       |       |       |    18 |    16 ||    34

Table legend:
 A = Spawn XP
 B = Non-spawn XP
 C = Spawn XP percentage of total XP
 D = Spawn monster count
 E = Non-spawn monster count
 F = Spawn count percentage of total count
 G = Total turns spent on level
                    A         B        C        D         E        F      G
               +---------+---------+-------+---------+---------+-------+---------
         Total |       0 |   86917 |   0.0 |       0 |     180 |   0.0 |  5384
               +---------+---------+-------+---------+---------+-------+---------
             D |       0 |   86917 |   0.0 |       0 |     180 |   0.0 |  5384
               +---------+---------+-------+---------+---------+-------+---------
